 Dungeon Crawl Stone Soup version 0.19-a0-1401-g902f63d (webtiles) character file.

648 st0uf the Covered (level 7, -6/61 HPs)
             Began as a Minotaur Fighter on Sept 4, 2016.
             Mangled by Menkaure (21 damage)
             ... on level 4 of the Dungeon.
             The game lasted 00:10:24 (3312 turns).

st0uf the Covered (Minotaur Fighter)                Turns: 3312, Time: 00:10:24

Health: -6/61      AC:  7    Str: 21    XL:     7   Next: 27%
Magic:  6/6        EV:  9    Int:  5    God:
Gold:   205        SH: 10    Dex: 11    Spells: 0 memorised, 6 levels left

rFire  . . .     SeeInvis .     a - +0 long sword
rCold  . . .     Gourm    .     b - +0 scale mail
rNeg   . . .     Faith    .     c - +0 shield
rPois  +         Spirit   .     (helmet restricted)
rElec  .         Dismiss  .     (no cloak)
rCorr  .         Reflect  .     (no gloves)
MR     .....     Harm     .     (no boots)
Stlth  ..........               (no amulet)
                                u - ring of poison resistance
                                x - +3 ring of slaying

@: no status effects
A: retaliatory headbutt, horns 2
a: no special abilities


You were on level 4 of the Dungeon.
You were not hungry.

You visited 1 branch of the dungeon, and saw 4 of its levels.

You collected 205 gold pieces.

Inventory:

Hand Weapons
 a - a +0 long sword (weapon)
Armour
 b - a +0 scale mail (worn)
 c - a +0 shield (worn)
Jewellery
 l - an uncursed ring of protection from magic
 u - a ring of poison resistance (right hand)
 v - an uncursed ring of resist corrosion
 x - a +3 ring of slaying (left hand)
Scrolls
 i - a scroll of magic mapping {unknown}
 j - 3 scrolls of enchant armour {unknown}
 m - 3 scrolls of remove curse {unknown}
 n - a scroll of enchant weapon {unknown}
 o - 4 scrolls of identify {unknown}
 q - a scroll of fog {unknown}
 t - 2 scrolls of fear {unknown}
 y - a scroll of random uselessness {unknown}
 B - a scroll of amnesia {unknown}
Potions
 d - a potion of might
 e - 2 potions of mutation {unknown}
 p - 2 potions of brilliance {unknown}
 r - a potion of berserk rage {unknown}
 s - a potion of heal wounds {unknown}
 w - 2 potions of cancellation {unknown}
 z - a potion of curing {unknown}
Comestibles
 f - 3 bread rations
 g - 3 meat rations
 h - a beef jerky
 k - a royal jelly
 A - 4 chunks of flesh


   Skills:
 + Level 5.4 Fighting
 + Level 4.7 Long Blades
 + Level 5.6 Armour
 + Level 4.1 Dodging
 + Level 5.2 Shields


You had 6 spell levels left.
You didn't know any spells.

Dungeon Overview and Level Annotations

Branches:
Dungeon (4/15)
 Temple: D:4-7

Altars:
Nemelex Xobeh
Qazlal

Annotations:
D:4 Menkaure


Innate Abilities, Weirdness & Mutations

You reflexively headbutt those who attack you in melee.
You have a pair of horns on your head.


Message History

Menkaure shouts!
Menkaure casts a spell.
Menkaure seems to speed up.
You see here 11 gold pieces.
Your scale mail prevents you from hitting Menkaure.
You headbutt Menkaure.
Menkaure is lightly damaged.
Menkaure calls on the powers of darkness!
Your body is wracked with pain!
You closely miss Menkaure. You headbutt Menkaure.
Menkaure is moderately damaged.
Menkaure hits you!
* * * LOW HITPOINT WARNING * * *
Menkaure closely misses you. You furiously retaliate!
You headbutt Menkaure!
You riposte.
You hit Menkaure.
Menkaure is severely damaged.
You hit Menkaure.
Menkaure is severely damaged.
Menkaure hits you!!
You die...

.#..#................#
###.#................#
...†#.##......#.#....#
###...##......._..####
#........######.#.#
###...#### #...######
....#.# ######... #####.#
###########.####### #>.
......M@...........
####################.######
........# #.....# #######.#
#.##### # #.########.# #
#..........# # ##########.#
# #.# # ###


You could see Menkaure.

Vanquished Creatures
  The ghost of 4thArraOfDagon the Ruffian, an amateur TrIE of Dithmenos (D:4)
  A scorpion (D:4)
  2 hounds (D:4)
  An orc priest (D:4)
  2 orc wizards (D:4)
  A gnoll shaman (D:4)
  2 iguanas
  7 gnolls
  6 adders
  2 oozes (D:1)
  3 worms
  2 dart slugs
  3 giant geckos
  4 orcs (D:4)
  6 bats
  7 giant cockroaches
  9 goblins
  10 hobgoblins
  4 jackals (D:2)
  8 kobolds
  3 quokkas
  3 ball pythons
  2 giant newts
  A quokka skeleton (D:4)
  9 rats
99 creatures vanquished.

Notes
Turn   | Place    | Note
-------+----------+-------------------------------------------
     0 | D:1      | st0uf the Minotaur Fighter began the quest for the Orb.
     0 | D:1      | Reached XP level 1. HP: 19/19 MP: 0/0
   134 | D:1      | Reached XP level 2. HP: 27/27 MP: 1/1
   162 | D:1      | Reached skill level 1 in Dodging
   342 | D:1      | Reached XP level 3. HP: 33/33 MP: 2/2
   658 | D:2      | Reached XP level 4. HP: 40/40 MP: 3/3
  1508 | D:3      | Reached XP level 5. HP: 47/47 MP: 4/4
  1845 | D:3      | Found a sparkling altar of Nemelex Xobeh.
  2157 | D:4      | Noticed 4thArraOfDagon's ghost (amateur TrIE)
  2417 | D:4      | Reached skill level 5 in Fighting
  2417 | D:4      | Reached XP level 6. HP: 51/56 MP: 5/5
  2614 | D:4      | Killed 4thArraOfDagon's ghost
  2614 | D:4      | Reached skill level 5 in Armour
  2614 | D:4      | Reached skill level 5 in Shields
  2829 | D:4      | Reached XP level 7. HP: 49/61 MP: 6/6
  3210 | D:4      | Found a stormy altar of Qazlal.
  3306 | D:4      | Noticed Menkaure
  3312 | D:4      | Mangled by Menkaure

Vault maps used:
D:1:      dpeg_arrival_long_road
D:2:      serial_forest, infiniplex_forest_end_double,
          infiniplex_forest_fountain, infiniplex_forest_straight_4,
          infiniplex_forest_clump_medium, infiniplex_forest_clump_diagonal,
          infiniplex_forest_clump_C, infiniplex_forest_zigzag_2
D:3:      nemelex_xobeh_ov_fountains_minmay
D:4:      lemuel_crystal_altar, first_bread, uniq_menkaure

Skill      XL: |  1  2  3  4  5  6  7 |
---------------+----------------------+-----
Dodging        | 1 2 3 4 |  4.1
Fighting       | 4 5 |  5.4
Armour         | 4 5 |  5.6
Long Blades    | 3 4 |  4.7
Shields        | 4 5 |  5.2

Action                   |  1- 3 |  4- 6 |  7- 9 || total
-------------------------+-------+-------+-------++-------
Melee: Long sword        |    95 |   159 |    32 ||   286
       Headbutt          |    16 |    20 |     9 ||    45
  Eat: Chunk             |       |     6 |     2 ||     8
Armor: Scale mail        |    37 |    61 |     9 ||   107
Dodge: Dodged            |    27 |    51 |    12 ||    90
Block: Shield            |    38 |    75 |    19 ||   132
